 Dungeon Crawl Stone Soup version 0.27.1-1-g398f81649c (webtiles) character file.

Game seed: 5256796087365994197

1230 pbellow the Chopper (level 8, -8/70 HPs)
             Began as a Hill Orc Fighter on Sept 11, 2021.
             Mangled by Duvessa (17 damage)
             ... on level 4 of the Dungeon.
             The game lasted 00:13:25 (3780 turns).

pbellow the Chopper (Hill Orc Fighter)              Turns: 3780, Time: 00:13:25

Health: -8/70      AC: 16    Str: 19 (21) XL:     8   Next: 48%
Magic:  8/8        EV:  4    Int:  8      God:
Gold:   179        SH: 10    Dex:  7 (10) Spells: 7/7 levels left

rFire    . . .     SeeInvis .   a - +1 war axe
rCold    . . .     Faith    .   c - +0 kite shield
rNeg     . . .     Spirit   .   i - +0 plate armour
rPois    .         Reflect  .   r - +0 helmet
rElec    .         Harm     .   (no cloak)
rCorr    .         Rampage  .   e - +1 pair of gloves
Will     +....                  (no boots)
Stlth    ..........             (no amulet)
HPRegen  1.21/turn              (no ring)
MPRegen  0.11/turn              (no ring)

@: about to teleport
A: claws 1, hooves 1, strong-willed 1, regeneration 1
a: no special abilities


You were on level 4 of the Dungeon.
You visited 1 branch of the dungeon, and saw 4 of its levels.

You collected 179 gold pieces.

Inventory:

Hand Weapons
 a - a +1 war axe (weapon)
 j - a +0 hand axe
 q - a +0 hand axe
Armour
 b - a +0 scale mail
 c - a +0 kite shield (worn)
 e - a +1 pair of gloves (worn)
 g - a +0 chain mail
 i - a +0 plate armour (worn)
 r - a +0 helmet (worn)
Jewellery
 t - a ring of ice
Scrolls
 l - 2 scrolls of teleportation
 n - a scroll of noise
 o - a scroll of enchant armour
Potions
 d - a potion of might
 f - 7 potions of curing
 h - 2 potions of magic
 k - a potion of haste {unknown}
 m - a potion of invisibility
 p - a potion of ambrosia


   Skills:
 + Level 5.9 Fighting
 + Level 7.8 Axes
 + Level 6.2 Armour
 + Level 0.8 Dodging
 + Level 0.2 Stealth
 + Level 6.2 Shields
 + Level 0.7 Evocations


You had 7 spell levels left.
You didn't know any spells.
Your spell library contained the following spells:

 Spells                   Type           Power      Damage    Failure   Level
 Blink                    Tloc           N/A        N/A       100%        2
 Corpse Rot               Necr/Air       N/A        N/A       100%        2
 Poisonous Vapours        Pois/Air       0%         N/A       100%        2
 Lesser Beckoning         Tloc           0%         N/A       100%        3
 Airstrike                Air            0%         N/A       100%        4
 Summon Lightning Spire   Summ/Air       0%         N/A       100%        4
 Freezing Cloud           Conj/Ice/Air   0%         6-21      100%        5
 Lightning Bolt           Conj/Air       0%         1d11      100%        5
 Manifold Assault         Tloc           0%         N/A       100%        5


Dungeon Overview and Level Annotations

Branches:
Dungeon (4/15)
 Temple: D:4-7

Altars:
Cheibriados
Xom

Annotations:
D:4 Duvessa


Innate Abilities, Weirdness & Mutations

You have sharp fingernails.
You have large cloven feet.
You are strong-willed. (Will+)
Your natural rate of healing is unusually fast.


Message History

Duvessa is heavily wounded.
Duvessa hits you but does no damage. You block Duvessa's attack.
You hit Duvessa. You kick Duvessa.
Duvessa is severely wounded.
Duvessa hits you with a +1 rapier of flaming.
Duvessa burns you.
Duvessa hits you with a +1 rapier of flaming!
Duvessa burns you.
You closely miss Duvessa. Your kick misses Duvessa.
Duvessa is severely wounded.
Duvessa hits you with a +1 rapier of flaming!
Duvessa burns you. You block Duvessa's attack.
You hit Duvessa. You kick Duvessa.
Duvessa is severely wounded.
Duvessa hits you with a +1 rapier of flaming!
Duvessa burns you.
Duvessa hits you with a +1 rapier of flaming.
Duvessa burns you.
You completely miss Duvessa.
Duvessa is severely wounded.
Duvessa hits you with a +1 rapier of flaming.
Duvessa burns you.
* * * LOW HITPOINT WARNING * * *
You block Duvessa's attack.
You closely miss Duvessa. Your kick misses Duvessa.
Duvessa is severely wounded.
Duvessa hits you but does no damage.
Duvessa hits you with a +1 rapier of flaming.
* * * LOW HITPOINT WARNING * * *
Duvessa burns you.
* * * LOW HITPOINT WARNING * * *
As you read the scroll of teleportation, it crumbles to dust.
You feel strangely unstable.
Duvessa hits you with a +1 rapier of flaming!
* * * LOW HITPOINT WARNING * * *
Duvessa burns you.
* * * LOW HITPOINT WARNING * * *
Duvessa rages.
Duvessa hits you with a +1 rapier of flaming!
You die...

#.#.#.#.# #.# #......>...
#.#.#.#+##
#.#############)#
#.#.#....#
#####.#.........#...#
#.#.#....#
#..[..#.#######.#.#<#
#........#
#.....#.#.....#.#.###
.........#
#.....#.#.###.#.#...#
###.#.#.#####.....#.#.#
#.#.###)#
#.#.#.#...'.........#
#.#.#...# #...#.#
#..e@)#.#####.#.##.##
#####.#
#####.#.......#.##.## #.#
#.#########.##.## #.#
#...)...)...##.## #### #.#
.....................# ...#
#.#########################
##.#
#..........................
#.#
###########################
#.#


You could see Duvessa (berserk).

Vanquished Creatures
  Grinder (D:4)
  Sigmund (D:2)
  An ogre (D:4)
  A necrophage (D:4)
  A phantom (D:4)
  2 scorpions (D:4)
  Dowan (D:4)
  2 hounds (D:3)
  A jelly (D:3)
  A gnoll shaman (D:3)
  Jessica (D:2)
  2 orc wizards (D:4)
  Robin (D:4)
  5 gnolls (D:3)
  12 adders
  2 ufetubi (D:4)
  5 dart slugs
  5 orcs
  5 ball pythons
  8 bats
  5 endoplasms
  2 giant cockroaches
  9 goblins
  8 hobgoblins
  14 jackals
  2 quokkas
  3 frilled lizards
  10 kobolds
  2 rats
113 creatures vanquished.

Notes
Turn   | Place    | Note
-------+----------+-------------------------------------------
     0 | D:1      | pbellow the Hill Orc Fighter began the quest for the Orb.
     0 | D:1      | Reached XP level 1. HP: 19/19 MP: 1/1
   195 | D:1      | Reached XP level 2. HP: 27/27 MP: 2/2
   374 | D:1      | Reached skill level 3 in Axes
   473 | D:1      | Reached XP level 3. HP: 33/33 MP: 3/3
   761 | D:2      | Reached XP level 4. HP: 26/40 MP: 4/4
   883 | D:2      | Reached skill level 4 in Axes
  1188 | D:2      | Found a faded altar of an unknown god.
  1310 | D:2      | Noticed Jessica
  1319 | D:2      | Killed Jessica
  1320 | D:2      | Reached XP level 5. HP: 31/46 MP: 5/5
  1328 | D:2      | Gained mutation: Your natural rate of healing is unusually
                  | fast. [potion of mutation]
  1328 | D:2      | Gained mutation: You have sharp fingernails. [potion of
                  | mutation]
  1328 | D:2      | Gained mutation: You have large cloven feet. [potion of
                  | mutation]
  1328 | D:2      | Gained mutation: You are strong-willed. (Will+) [potion of
                  | mutation]
  1402 | D:2      | Noticed Sigmund
  1412 | D:2      | Killed Sigmund
  1413 | D:2      | Reached skill level 5 in Axes
  1413 | D:2      | Reached XP level 6. HP: 53/53 MP: 6/6
  1879 | D:3      | Found a large runed translucent door.
  1881 | D:3      | Found a large runed translucent door.
  1881 | D:3      | Found a shimmering altar of Xom.
  1920 | D:3      | Reached skill level 5 in Armour
  1934 | D:3      | HP: 2/53 [gnoll (3)]
  1988 | D:3      | Reached skill level 5 in Shields
  2040 | D:3      | Reached XP level 7. HP: 60/60 MP: 7/7
  2124 | D:3      | Found a snail-covered altar of Cheibriados.
  2531 | D:4      | Reached skill level 6 in Axes
  2565 | D:4      | Noticed Robin
  2572 | D:4      | Killed Robin
  2573 | D:4      | Reached skill level 5 in Fighting
  2803 | D:4      | Reached skill level 7 in Axes
  2803 | D:4      | Reached XP level 8. HP: 59/68 MP: 8/8
  2924 | D:4      | Noticed Grinder
  2960 | D:4      | Paralysed by Grinder for 6 turns
  2969 | D:4      | Killed Grinder
  3701 | D:4      | Noticed Dowan
  3713 | D:4      | Killed Dowan
  3766 | D:4      | Noticed Duvessa
  3780 | D:4      | Mangled by Duvessa

Illustrated notes

Levels and vault maps discovered:
D:1:      dpeg_arrival_castle, layout_basic
D:2:      layout_rooms, hellmonk_ecumenical_altar_lost_god,
          minmay_snake_closets, uniq_sigmund, uniq_jessica
D:3:      due_chaos_kobolds, layout_basic, mainiacjoe_overflow_24_doors,
          serial_bayou_lake_a
D:4:      layout_basic, uniq_duvessa, uniq_robin, uniq_grinder

Skill      XL: |  1  2  3  4  5  6  7  8 |
---------------+-------------------------+-----
Axes           | 3 4 5 7 |  7.8
Fighting       | 4 5 |  5.9
Armour         | 4 5 6 |  6.2
Shields        | 4 5 6 |  6.2
Dodging        | |  0.8
Stealth        | |  0.2
Evocations     | |  0.7

Action                   |  1- 3 |  4- 6 |  7- 9 || total
-------------------------+-------+-------+-------++-------
Melee: War axe           |   102 |   138 |   161 ||   401
       Kick              |       |    17 |    42 ||    59
Evoke: Wand              |       |    12 |       ||    12
  Use: Scroll            |     1 |     5 |     5 ||    11
       Potion            |       |     6 |     3 ||     9
Armor: Scale mail        |    42 |       |       ||    42
       Chain mail        |    13 |       |       ||    13
       Plate armour      |    31 |   129 |    84 ||   244
Dodge: Dodged            |    27 |    35 |    35 ||    97
Block: Kite shield       |    53 |   109 |    83 ||   245
